 Dungeon Crawl Stone Soup version 0.27-a0-1200-g94dc6ad4cf (webtiles) character file.

Game seed: 1872183549024961027

216 Morbidden the Conjurer (level 5, 0/39 HPs)
             Began as a Demigod Conjurer on May 31, 2021.
             Slain by Grinder (6 damage)
             ... on level 4 of the Dungeon.
             The game lasted 00:04:21 (4297 turns).

Morbidden the Conjurer (Demigod Conjurer)           Turns: 4297, Time: 00:04:22

Health: 0/39       AC:  9    Str:  8    XL:     5   Next: 34%
Magic:  0/12       EV: 10    Int: 24    God:
Gold:   87         SH:  0    Dex: 12    Spells: 7/10 levels left

rFire    . . .     SeeInvis .   a - +0 dagger (venom)
rCold    . . .     Faith    .   (no shield)
rNeg     . . .     Spirit   .   o - +1 ring mail {Will+}
rPois    .         Reflect  .   n - +0 helmet
rElec    .         Harm     .   (no cloak)
rCorr    .         Rampage  .   k - +0 pair of gloves
Will     +....                  j - +0 pair of boots
Stlth    +.........             (no amulet)
HPRegen  0.13/turn              (no ring)
MPRegen  0.13/turn              (no ring)

@: no status effects
A: high mp 1, forlorn
a: no special abilities


You were on level 4 of the Dungeon.
You visited 1 branch of the dungeon, and saw 4 of its levels.

You collected 87 gold pieces.

Inventory:

Hand Weapons
 a - a +0 dagger of venom (weapon)
Armour
 j - a +0 pair of boots (worn)
 k - a +0 pair of gloves (worn)
 n - a +0 helmet (worn)
 o - a +1 ring mail of willpower (worn)
Jewellery
 m - a ring of flight
Scrolls
 b - a scroll of fog {unknown}
 e - a scroll of magic mapping {unknown}
 f - a scroll of immolation {unknown}
 g - 3 scrolls of noise {unknown}
 h - 3 scrolls of identify {unknown}
 i - a scroll of fear {unknown}
Potions
 c - a potion of degeneration {unknown}
 d - a potion of brilliance {unknown}
 l - a potion of flight {unknown}


   Skills:
 + Level 0.5 Fighting
 + Level 2.0 Dodging
 + Level 2.4 Stealth
 + Level 3.0 Spellcasting
 + Level 5.2 Conjurations


You had 7 spell levels left.
You knew the following spells:

 Your Spells              Type           Power      Damage    Failure   Level
a - Magic Dart            Conj           100%       1d8       3%          1
b - Searing Ray           Conj           56%        3d5       6%          2

Your spell library contained the following spells:

 Spells                   Type           Power      Damage    Failure   Level
 Dazzling Flash           Conj/Hex       32%        N/A       34%         3
 Confusing Touch          Hex            3%         N/A       69%         3
 Gell's Gravitas          Tloc           1%         N/A       69%         3
 Fulminant Prism          Conj/Hex       8%         3d7       75%         4
 Iskenderun's Mystic Bla  Conj/Tloc      16%        2d5       75%         4
 Petrify                  Tmut/Erth      3%         N/A       97%         4
 Metabolic Englaciation   Hex/Ice        1%         N/A       100%        5
 Yara's Violent Unravell  Hex/Tmut       1%         3d3       100%        5


Dungeon Overview and Level Annotations

Branches:
Dungeon (4/15)
 Temple: D:4-7

Annotations:
D:3 2 transporters, ubik's ghost, amateur KoAM
D:4 Grinder


Innate Abilities, Weirdness & Mutations

Your attributes grow dramatically as you level up.
You have an increased reservoir of magic. (+10% MP)
You shall have no god before yourself.


Message History

Grinder is heavily wounded. (Press . to maintain the ray.) Grinder hits you.
You writhe in agony.
The searing ray hits Grinder!
Grinder is severely wounded.
Grinder gestures at you. Pain shoots through your body!
* * * LOW HITPOINT WARNING * * *
Unknown command.
Unknown command.
Unknown command.
Unknown command.
The searing ray hits Grinder!
Grinder is almost dead.
Grinder hits you.
* * * LOW HITPOINT WARNING * * *
Unknown command.
Unknown command.
Unknown command.
Unknown command.
Unknown command.
The searing ray hits Grinder.
Grinder is almost dead.
You finish channeling your searing ray.
Grinder barely misses you.
Unknown command.
Unknown command.
Unknown command.
Unknown command.
Unknown command.
Casting: Searing Ray (safe; 6% risk of failure)
Confirm with . or Enter, or press ? or * to list all spells.
Aiming: Searing Ray (safe; 6% risk of failure)
Press: ? - help, Shift-Dir - straight line, f/p - Grinder
Aim: Grinder (almost dead, 77% to hit)
The searing ray misses Grinder. (Press . to maintain the ray.) Grinder hits you.
* * * LOW HITPOINT WARNING * * *
You writhe in agony.
You die...

##. #.. #.# #.# ## #
#.# ####...
##########.#.##.......
#..........#.#@5.#
###<.............#....#
....##########.#...####
###.##########.##.##
#...............#
############.#### #.#
#.# #.#


You could see Grinder.

Vanquished Creatures
  Natasha (D:4)
  2 orc wizards (D:3)
  Robin (D:2)
  3 adders
  A worm (D:3)
  A dart slug (D:4)
  7 orcs (D:3)
  4 ball pythons
  6 endoplasms
  A giant cockroach (D:1)
  14 goblins
  7 hobgoblins
  12 jackals
  7 kobolds
  A quokka (D:3)
  9 bats
  2 frilled lizards (D:1)
  7 rats
86 creatures vanquished.

Notes
Turn   | Place    | Note
-------+----------+-------------------------------------------
     0 | D:1      | Morbidden the Demigod Conjurer began the quest for the Orb.
     0 | D:1      | Reached XP level 1. HP: 14/14 MP: 5/5
   416 | D:1      | Reached skill level 4 in Conjurations
   514 | D:1      | Reached XP level 2. HP: 17/20 MP: 5/7
   624 | D:1      | Learned a level 2 spell: Searing Ray
  1470 | D:2      | Reached XP level 3. HP: 26/26 MP: 6/8
  1815 | D:2      | You fall into a shaft and drop 1 floor!
  2244 | D:3      | Reached XP level 4. HP: 28/33 MP: 1/10
  2830 | D:2      | Noticed Robin
  2999 | D:2      | You fall into a shaft and drop 2 floors!
  3026 | D:4      | Noticed Natasha
  3033 | D:4      | Killed Natasha
  3314 | D:2      | Killed Robin
  3315 | D:2      | Reached skill level 5 in Conjurations
  3315 | D:2      | Reached XP level 5. HP: 39/39 MP: 6/12
  3889 | D:3      | Found a transporter.
  3946 | D:3      | Found a transporter.
  3950 | D:3      | Noticed ubik's ghost (amateur KoAM)
  4287 | D:4      | Noticed Grinder
  4297 | D:4      | Slain by Grinder

Illustrated notes

Levels and vault maps discovered:
D:1:      lightli_iron_boxes, layout_loops_corners, basic_ecumenical_altar
D:2:      layout_basic, uniq_robin
D:3:      layout_loops_ring, gammafunk_ghost_stat_death, st_stairs_4,
          feat_on_display
D:4:      layout_loops_ring, lemuel_round_altar,
          chequers_temple_overflow_minitemple, uniq_natasha, uniq_grinder,
          uniq_eustachio, uniq_pikel, uniq_sigmund

Skill      XL: |  1  2  3  4  5 |
---------------+----------------+-----
Conjurations   | 4 5 |  5.2
Spellcasting   | 2 3 |  3.0
Stealth        | 2 |  2.4
Dodging        | 2 |  2.0
Fighting       | |  0.5

Action                   |  1- 3 |  4- 6 || total
-------------------------+-------+-------++-------
Melee: Unarmed           |    13 |       ||    13
       Dagger            |       |     9 ||     9
 Cast: Magic Dart        |    62 |    48 ||   110
       Searing Ray       |    11 |    15 ||    26
Armor: Robe              |     4 |     4 ||     8
       Ring mail         |       |     1 ||     1
Dodge: Dodged            |    25 |     8 ||    33

Table legend: (Time is in decaauts)
 A = Elapsed time spent in this place.
 B = Non-inter-level travel time spent in this place.
 C = Inter-level travel time spent in this place.
 D = Time resting spent in this place.
 E = Time spent auto-exploring this place.
 F = Levels seen in this place.
 G = Mean time per level.
                   A        B        C        D        E       F      G
               +--------+--------+--------+--------+--------+-----+--------+
         Total |   4305 |   4133 |    172 |    395 |   3280 |   4 | 1076.2 |
       Dungeon |   4305 |   4133 |    172 |    395 |   3280 |   4 | 1076.2 |
               +--------+--------+--------+--------+--------+-----+--------+

Top non-repeatable levels by time:
     D:1: 1633 daAuts
     D:3: 1363 daAuts
     D:2: 1197 daAuts
     D:4: 111 daAuts
